 Dungeon Crawl Stone Soup version 0.31.0-32-g396128a36d (webtiles) character file.

Game seed: 13091385087599095768

3866 spaghetti the Ducker (level 10, -19/95 (100) HPs)
             Began as a Naga Chaos Knight on Mar 11, 2024.
             Was a Plaything of Xom.
             Demolished by Gastronok (28 damage)
             ... on level 9 of the Dungeon.
             The game lasted 00:10:33 (7176 turns).

spaghetti the Ducker (Naga Chaos Knight)            Turns: 7176, Time: 00:10:34

HP:   -19/95 (100)  AC: 16    Str: 16    XL:     10   Next: 19%
MP:   1/10          EV:  5    Int: 14    God:    Xom [...*..]
Gold: 191           SH:  0    Dex: 14    Spells: 7/9 levels left

rFire   + . .        n - +1 morningstar (venom)
rCold   . . .        (no shield)
rNeg    . . .        h - +0 plate armour
rPois   +            e - +0 helmet
rElec   .            (no cloak)
rCorr   .            t - +2 pair of gloves {infuse}
SInv    +            (no barding)
Will    +....        k - amulet of regeneration Stlth
                     d - ring of wizardry
HPRegen 1.15/turn    c - ring of protection from fire
MPRegen 0.12/turn

%: wizardry (x1), infuse magic (1 MP)
@: studying Necromancy, drained, very slow
A: AC +3, large, see invisible, deformed body, poison resistance, slowness 2,
spit poison 1, naga tail 1, stinger 1, agile 1, robust 2, screaming 1,
MP-powered wands
a: Spit Poison, Renounce Religion


You were on level 9 of the Dungeon.
You worshipped Xom.
You were a favourite toy of Xom.
You visited 1 branch of the dungeon, and saw 9 of its levels.

You collected 416 gold pieces.
You spent 225 gold pieces at shops.

Inventory:

Hand Weapons
 a - a +0 falchion of chaos
 j - a +2 war axe of electrocution
 n - a +1 morningstar of venom (weapon)
Missiles
 w - 5 curare-tipped darts
Armour
 b - a +2 leather armour
 e - a +0 helmet (worn)
 h - a +0 plate armour (worn)
 i - +0 swamp dragon scales
 t - a +2 pair of gloves of infusion (worn)
Jewellery
 c - a ring of protection from fire (right hand)
 d - a ring of wizardry (left hand)
 k - an amulet of regeneration (around neck)
 m - an amulet of faith
 q - a ring of protection from cold
 r - a ring of ice
 y - a ring of magical power
Wands
 g - a wand of flame (24)
 A - a wand of digging (6)
Scrolls
 f - a scroll of enchant weapon
 o - a scroll of poison
 s - a scroll of vulnerability
 x - a scroll of noise
 C - a scroll of immolation
Potions
 l - a potion of ambrosia
 u - a potion of brilliance
 z - a potion of resistance


   Skills:
 - Level 3.0 Fighting
 - Level 3.0 Long Blades
 + Level 7.3 Armour
 + Level 7.3 Dodging
 + Level 4.6 Summonings
 + Level 5.8 Evocations


You had 7 spell levels left.
You knew the following spells:

 Your Spells              Type           Power      Damage    Failure   Level
a - Call Imp              Summ           26%        N/A       67%         2

Your spell library contained the following spells:

 Spells                   Type           Power      Damage    Failure   Level
 Magic Dart               Conj           0%         1d3       98%         1
 Sandblast                Erth           0%         2d4       98%         1
 Sting                    Conj/Alch      0%         1d3       98%         1
 Blink                    Tloc           0%         N/A       99%         2
 Ensorcelled Hibernation  Hex/Ice        0%         N/A       99%         2
 Lesser Beckoning         Tloc           0%         N/A       99%         2
 Mercury Vapours          Alch/Air       0%         N/A       99%         2
 Scorch                   Fire           0%         2d5       99%         2
 Summon Ice Beast         Ice/Summ       6%         N/A       99%         3
 Fugue of the Fallen      Necr           0%         N/A       100%        3
 Gell's Gravitas          Tloc           0%         N/A       100%        3
 Ozocubu's Armour         Ice            0%         N/A       100%        3
 Passwall                 Erth           0%         N/A       100%        3
 Stone Arrow              Conj/Erth      0%         3d7       100%        3
 Swiftness                Air            0%         N/A       100%        3
 Teleport Other           Tloc           0%         N/A       100%        3
 Brom's Barrelling Bould  Conj/Erth      0%         2d3       100%        4
 Flame Wave               Conj/Fire      0%         2d4       100%        4
 Manifold Assault         Tloc           0%         N/A       100%        4
 Olgreb's Toxic Radiance  Alch           0%         N/A       100%        4
 Summon Mana Viper        Hex/Summ       6%         N/A       100%        5
 Summon Cactus Giant      Summ           6%         N/A       100%        6
 Monstrous Menagerie      Summ           6%         N/A       100%        7


Dungeon Overview and Level Annotations

Branches:
Dungeon (9/15)             Temple (0/1) D:6
   Lair: D:8-11         Orc: D:9-12

Altars:
Dithmenos
Xom

Shops:
D:2 :   D:6 [

Annotations:
D:1 1 runed translucent door
D:6 3 runed translucent doors, Tripartite's ghost, amateur FoFi
D:9 exclusion: door, Gastronok


Innate Abilities, Weirdness & Mutations

Your serpentine skin is tough. (AC +3)
You have supernaturally acute eyesight. (SInv)
Armour fits poorly on your strangely shaped body.
Your system is resistant to poisons. (rPois)
You cover ground very slowly.
You can spit poison.
You have a snake-like lower body.
Your tail ends in a venomous barb.
You are agile. (Dex +4, Str/Int -1)
You are very robust. (+20% HP)
You occasionally shout uncontrollably at your foes.
You expend magic power (3 MP) to strengthen your wands.


Message History

The centaur kicks you but does no damage.
Gastronok bites you.
The centaur hits you but does no damage.
The centaur kicks you but does no damage.
You thump Gastronok!
Gastronok looks as sick as possible!
Gastronok is heavily wounded.
The centaur barely misses you.
The centaur kicks you but does no damage.
The centaur hits you but does no damage.
The centaur kicks you but does no damage.
Gastronok gurgles, "I bet you'll be tasty."
Gastronok casts a spell.
Gastronok puts on a burst of speed!
You sock Gastronok!
Gastronok looks as sick as possible!
Gastronok is heavily wounded.
The centaur hits you but does no damage.
The centaur kicks you but does no damage.
The centaur hits you but does no damage.
The centaur kicks you but does no damage.
Gastronok bites you!!
* * * LOW HITPOINT WARNING * * *
Xom roars with laughter!
Unknown command.
Unknown command.
You puncture Gastronok!
Gastronok looks as sick as possible!
Gastronok is severely wounded. "Hum-dee-hum-dee-hum..."
The centaur is charmed.
Your centaur wields a +0 orcbow.
Your centaur shoots an arrow.
The arrow hits Gastronok!
Your centaur shoots an arrow.
The arrow hits Gastronok.
Unknown command.
Unknown command.
You sock Gastronok!
Gastronok is severely wounded.
Your centaur shoots an arrow.
The arrow hits Gastronok!
Your centaur shoots an arrow.
The arrow hits Gastronok.
Gastronok bites you!!
You die...
Gastronok gurgles, "Time to dig in!"
Xom titters!

#..........#.....#
#..........#.....#
#..........#.....#
#................#
#................#
#...§§§§§...)....###
#.....§§§§.#.......###
#...§w§§§..#.....#...##
#....§@.§....#.....#..#
#.....c.....###...###.#
#............#..#†.#..#
#..........#...†.#...##
#.........>#.....##.###
#........>.#.....#.....
#............#.....#...
#...........###...###.#
.....#.....#..#


You could see Gastronok (swift, extremely poisoned, ally target) and a friendly
centaur (charmed).

Vanquished Creatures
  Maggie (D:7)
  Eustachio (D:5)
  Menkaure (D:6)
  Duvessa (D:5)
  An ice beast (D:6)
  A black bear (D:5)
  2 ogres
  3 centaurs
  A kobold brigand (D:6)
  3 scorpions
  4 bullfrogs
  9 wights
  A gnoll bouda (D:5)
  4 hounds
  A sleepcap (D:6)
  Terence (D:2)
  4 iguanas
  Robin (D:2)
  9 adders
  8 gnolls
  A shadow imp (D:7)
  A white imp (D:7)
  2 dart slugs
  21 orcs
  9 bats
  6 endoplasms
  A giant cockroach (D:2)
  14 goblins
  12 hobgoblins
  8 kobolds
  A quokka (D:2)
  4 ball pythons
  2 frilled lizards
  9 rats
148 creatures vanquished.

Vanquished Creatures (collateral kills)
  Prince Ribbit (D:5)
  2 wyverns (D:9)
  A steam dragon (D:9)
  An orc warrior (D:9)
  An ogre (D:4)
  A centaur (D:9)
  Dowan (D:5)
  A bombardier beetle (D:4)
  2 hounds (D:4)
  A gnoll bouda (D:9)
  4 gnolls
  An adder (D:4)
17 creatures vanquished.

Grand Total: 165 creatures vanquished

Notes
Turn   | Place    | Note
-------+----------+-------------------------------------------
     0 | D:1      | spaghetti the Naga Chaos Knight began the quest for the
                  | Orb.
     0 | D:1      | Reached XP level 1. HP: 21/21 MP: 1/1
     0 | D:1      | Noticed a jelly
     0 | D:1      | Noticed a jelly
     1 | D:1      | Found a runed translucent door.
    25 | D:1      | Reached skill level 1 in Dodging
   120 | D:1      | Reached XP level 2. HP: 23/28 MP: 2/2
   632 | D:1      | XOM is BORED!
   632 | D:1      | XOM: silly message
  1026 | D:2      | Noticed Robin
  1028 | D:2      | XOM: potion effect (berserk rage)
  1037 | D:2      | Reached XP level 3. HP: 28/34 MP: 3/3
  1058 | D:2      | Killed Robin
  1282 | D:2      | Reached XP level 4. HP: 38/42 MP: 4/4
  1301 | D:2      | Noticed Terence
  1305 | D:2      | XOM: smoke on damage
  1308 | D:2      | XOM: scenery: summon butterflies
  1310 | D:2      | Killed Terence
  1851 | D:2      | XOM: 1-stop teleportation journey
  1944 | D:2      | Found Rupaotef's Book Emporium.
  2035 | D:2      | Reached XP level 5. HP: 48/49 MP: 5/5
  2515 | D:3      | XOM: divination: magic mapping
  2519 | D:3      | XOM: confuse monster(s)
  2646 | D:3      | XOM: god gift: +1 morningstar of chaos
  2746 | D:4      | XOM: smoke on damage
  2753 | D:4      | HP: 1/49 [gnoll/+0 halberd (8)]
  2772 | D:4      | XOM: divination: detect creatures
  2874 | D:4      | Reached XP level 6. HP: 56/56 MP: 6/6
  3066 | D:4      | XOM: 2-stop teleportation journey
  3117 | D:4      | XOM: god gift: scroll labelled UNU BURAFEUXEI {god gift}
  3122 | D:4      | Reached XP level 7. HP: 62/62 MP: 7/7
  3737 | D:4      | XOM: give mutations
  3737 | D:4      | Gained mutation: You expend magic power (3 MP) to
                  | strengthen your wands. [Xom's grace]
  3737 | D:4      | Gained mutation: Your tail ends in a venomous barb. [Xom's
                  | grace]
  3737 | D:4      | Gained mutation: You are agile. (Dex +4, Str/Int -1) [Xom's
                  | grace]
  3737 | D:4      | Gained mutation: You are robust. (+10% HP) [Xom's grace]
  3998 | D:5      | Entered Level 5 of the Dungeon
  3999 | D:5      | Noticed Eustachio
  4007 | D:5      | XOM: divination: detect creatures
  4029 | D:5      | XOM: silly message
  4032 | D:5      | Killed Eustachio
  4033 | D:5      | Reached skill level 5 in Armour
  4033 | D:5      | Reached skill level 5 in Dodging
  4042 | D:5      | Reached XP level 8. HP: 57/75 MP: 8/8
  4044 | D:5      | Reached skill level 1 in Evocations
  4076 | D:5      | XOM: smoke on damage
  4358 | D:5      | Noticed Duvessa
  4360 | D:5      | Noticed Dowan
  4360 | D:5      | Noticed Prince Ribbit
  4363 | D:5      | XOM: cast spell 'Summon Cactus Giant'
  4364 | D:5      | Killed Duvessa
  4368 | D:5      | Killed Prince Ribbit
  4370 | D:5      | Killed Dowan
  4486 | D:5      | Learned a level 2 spell: Call Imp
  4721 | D:6      | Found a runed translucent gate.
  4721 | D:6      | Found a runed translucent gate.
  4721 | D:6      | Found a runed translucent gate.
  4725 | D:6      | Found Mec Qush's Antique Armour Boutique.
  4732 | D:6      | Bought a pair of glowing gloves for 225 gold pieces
  4741 | D:6      | XOM: give mutations
  4741 | D:6      | Gained mutation: You occasionally lose the ability to drink
                  | potions when taking damage. [Xom's mischief]
  4741 | D:6      | Gained mutation: Your body sometimes deteriorates upon
                  | taking damage. [Xom's mischief]
  4741 | D:6      | Lost mutation: Your body sometimes deteriorates upon taking
                  | damage. [Xom's mischief]
  4741 | D:6      | Gained mutation: You are very robust. (+20% HP) [Xom's
                  | mischief]
  4744 | D:6      | XOM: god gift: battleaxe {god gift}
  4755 | D:6      | XOM: summons 3 friendly demons
  4758 | D:6      | Reached skill level 1 in Summonings
  4758 | D:6      | Reached XP level 9. HP: 36/90 MP: 5/9
  4879 | D:6      | Found a staircase to the Ecumenical Temple.
  5149 | D:6      | XOM: cast spell 'Fugue of the Fallen'
  5249 | D:6      | XOM: give mutations
  5249 | D:6      | Gained mutation: You occasionally shout uncontrollably at
                  | your foes. [Xom's mischief]
  5249 | D:6      | Lost mutation: You occasionally lose the ability to drink
                  | potions when taking damage. [Xom's mischief]
  5249 | D:6      | Gained mutation: Your magical capacity is low. (-10% MP)
                  | [Xom's mischief]
  5249 | D:6      | Lost mutation: Your magical capacity is low. (-10% MP)
                  | [Xom's mischief]
  5250 | D:6      | Noticed Tripartite's ghost (amateur FoFi)
  5485 | D:6      | Noticed Menkaure
  5493 | D:6      | Killed Menkaure
  5496 | D:6      | XOM: 9-stop teleportation journey
  5953 | D:7      | Noticed Maggie
  5966 | D:7      | Killed Maggie
  6030 | D:7      | Found a shimmering altar of Xom.
  6030 | D:7      | Found a shadowy altar of Dithmenos.
  6030 | D:7      | XOM: 5-stop teleportation journey
  6103 | D:7      | XOM: noise
  6154 | D:7      | XOM: 10-stop teleportation journey
  6264 | D:7      | XOM: summons 2 hostile shadow creatures
  6469 | D:7      | XOM: noise
  6487 | D:7      | Reached skill level 5 in Evocations
  6687 | D:7      | XOM: confuse monster(s)
  6693 | D:7      | XOM: silly message
  6766 | D:8      | XOM: divination: magic mapping
  6828 | D:8      | XOM: enchant monster (good)
  6830 | D:8      | XOM: confuse monster(s)
  6961 | D:9      | Reached XP level 10. HP: 71/83 MP: 7/10
  7160 | D:9      | Noticed Gastronok
  7175 | D:9      | XOM: enchant monster (good)
  7176 | D:9      | Demolished by Gastronok

Illustrated notes

Levels and vault maps discovered:
D:1:      dpeg_arrival_caged_fury, layout_basic, minmay_splitting_lines
D:2:      layout_basic, serial_shops, nicolae_shop_tiny_waterfront,
          minmay_cut_off, uniq_terence, uniq_robin
D:3:      layout_rooms, grunt_decor_clamped
D:4:      layout_layer_cave
D:5:      layout_rooms, uniq_prince_ribbit1, uniq_eustachio, uniq_duvessa
D:6:      layout_basic, minmay_temple_entry_sparse_star, gammafunk_ghost_icy,
          serial_shops, shop, uniq_menkaure
D:7:      layout_loops_corners, mainiacjoe_overflow_large_starburst,
          serial_bayou_pond_c, minmay_misc_feat_diagonals, minmay_manual_mares,
          uniq_crazy_yiuf_cottage, uniq_maggie
D:8:      layout_basic, uniq_maurice
D:9:      layout_gridville, minmay_strange_pillars, nzn_random_ring,
          uniq_gastronok

Skill      XL: |  1  2  3  4  5  6  7  8  9 |
---------------+----------------------------+-----
Dodging        | 1 2 3 4 5 6 7 |  7.3
Armour         | 2 3 4 5 6 7 |  7.3
Evocations     | 3 5 |  5.8
Summonings     | 1 4 |  4.6
Fighting       | |  3.0
Long Blades    | |  3.0

Action                     |  1- 3 |  4- 6 |  7- 9 | 10-12 || total
---------------------------+-------+-------+-------+-------++-------
  Melee: Falchion          |   118 |    82 |       |       ||   200
         War axe           |       |    24 |       |       ||    24
         Morningstar       |       |     8 |   316 |    19 ||   343
         Punch             |       |       |     3 |       ||     3
   Cast: Call Imp          |       |       |     1 |     2 ||     3
Ability: Spit Poison       |     1 |     1 |     3 |     1 ||     6
  Evoke: Wand              |       |       |     8 |       ||     8
    Use: Potion            |     2 |     3 |     3 |     1 ||     9
         Scroll            |       |    10 |     9 |     1 ||    20
   Stab: Distracted        |       |     1 |       |       ||     1
         Invisible         |       |       |     5 |       ||     5
 Armour: Leather armour    |    26 |       |       |       ||    26
         Plate armour      |    99 |   188 |   652 |    56 ||   995
         Skin              |    29 |       |       |       ||    29
  Dodge: Dodged            |    35 |    25 |   133 |    15 ||   208
